AoeStats
← RR.Tecato

Arabia

510174786Analyzed
4v4 RM · 2d ago on Sep 29, 2026· 38m 25s· 8 players
Game mode
Random Map
Map size
Large (8 player)
Population
200
Speed
Normal
Resources
Standard
Victory
Conquest
Starting age
Dark Age
Ending age
Imperial Age
RankedLock teamsTeams togetherTeam positionsShared explorationLock speedFull tech treeHidden civsTurbo modeCheats
Victory
Defeat
🇲🇽 Ethiopians · Mexico
1173
+11
🇲🇽 Franks · Mexico
1163
+12
🇲🇽 Shu · Mexico
1069
+16
🇲🇽 Maya · Mexico
980
+19
🇧🇪 Franks · Belgium
1090
-16
🇫🇷 Magyars · France
1063
-14
🇹🇷 Cumans · Türkiye
1058
-14
🇹🇷 Saxons · Türkiye
1042
-14
BernickHodor
12:28 Feudal Age
13:10 Horse Collar
13:32 Double-Bit Axe
17:20 Gold Mining
24:32 Wheelbarrow
24:36 Stone Mining
Anarşik
0:29 Loom
14:19 Feudal Age
16:32 Wheelbarrow
15:59 Scale Mail Armor
16:09 Forging
15:41 Horse Collar
15:54 Gold Mining
15:54 Double-Bit Axe
16:20 Man-at-Arms
30:32 Castle Age
Göt Yıkama Borusu
13:18 Feudal Age
13:56 Double-Bit Axe
13:51 Horse Collar
14:16 Gold Mining
20:44 Castle Age
19:19 Scale Mail Armor
19:38 Forging
21:03 Loom
22:16 Squires
22:02 Arson
23:36 Heavy Plow
26:34 Iron Casting
25:38 Elite Skirmisher
27:02 Bow Saw
30:46 Fletching
30:57 Padded Archer Armor
feanor111
10:55 Feudal Age
10:11 Loom
17:22 Castle Age
15:37 Scale Mail Armor
15:46 Scale Barding Armor
21:25 Forging
30:35 Chain Barding Armor
31:58 Iron Casting
RR.Gohan
7:21 Loom
10:06 Feudal Age
10:42 Double-Bit Axe
12:32 Fletching
18:23 Wheelbarrow
21:14 Castle Age
21:54 Gold Mining
22:29 Thumb Ring
21:49 Crossbowman
22:42 Bodkin Arrow
22:48 Padded Archer Armor
24:49 Bow Saw
26:35 Ballistics
29:04 Leather Archer Armor
32:47 Imperial Age
33:12 Arbalester
36:04 Bracer
36:35 Ring Archer Armor
37:11 Chemistry
RR.Ricky
10:25 Feudal Age
19:20 Horse Collar
24:06 Double-Bit Axe
24:18 Stone Mining
24:18 Gold Mining
29:10 Castle Age
28:03 Padded Archer Armor
27:54 Fletching
32:19 Leather Archer Armor
33:51 Heavy Plow
34:06 Bow Saw
37:35 Bodkin Arrow
RR. Sucio Granjero
9:51 Feudal Age
14:48 Castle Age
15:29 Forging
15:25 Scale Barding Armor
16:20 Husbandry
23:13 Loom
25:35 Iron Casting
31:32 Wheelbarrow
36:37 Imperial Age
34:48 Hand Cart
34:21 Double-Bit Axe
36:00 Chain Barding Armor
36:06 Gold Mining
37:22 Chivalry
36:46 Cavalier
38:57 Blast Furnace
38:33 Plate Barding Armor
38:14 Paladin
RR.Tecato
7:13 Loom
7:17 Loom
10:24 Feudal Age
11:15 Double-Bit Axe
11:50 Fletching
16:04 Horse Collar
20:57 Town Watch
23:50 Castle Age
23:09 Padded Archer Armor
23:27 Arson
23:54 Crossbowman
24:45 Squires
24:47 Bodkin Arrow
26:21 Ballistics
27:34 Wheelbarrow
32:09 Thumb Ring
35:04 Hand Cart
37:55 Imperial Age
Connection lost

Rejoining the realm…

Still unreachable

The connection could not be restored.

Session expired

The server has moved on; the page needs a fresh start.